 Dungeon Crawl Stone Soup version 0.28.0 (webtiles) character file.

Game seed: 4939552169730107602

3264 funkygono the Arsonist (level 10, -15/51 HPs)
             Began as a Gargoyle Fire Elementalist on Feb 10, 2022.
             Was a Follower of Vehumet.
             Demolished by an orc knight (17 damage)
             ... in a bailey.
             The game lasted 00:20:23 (8410 turns).

funkygono the Arsonist (Gargoyle Fire Elementalist) Turns: 8410, Time: 00:20:24

Health: -15/51     AC: 17    Str: 13    XL:     10   Next: 0%
Magic:  1/22       EV: 12    Int: 19    God:    Vehumet [*.....]
Gold:   435        SH:  0    Dex: 10    Spells: 15/25 levels left

rFire   . . .      SeeInvis .   w - +2 mace (vorpal)
rCold   . . .      Faith    .   (no shield)
rNeg    + . .      Spirit   .   a - +1 robe
rPois   ∞          Reflect  .   t - +2 helmet
rElec   +          Harm     .   (no cloak)
rCorr   .          Rampage  .   (no gloves)
Will    .....                   (no boots)
Stlth   ++........              (no amulet)
HPRegen 0.17/turn               n - ring of wizardry
MPRegen 0.18/turn               m - +4 ring of protection

@: no status effects
A: sickness immunity, AC +7, negative energy resistance 1, electricity
resistance, torment resistance 1, petrification resistance
a: Renounce Religion


You were in a bailey.
You worshipped Vehumet.
Vehumet was aware of your devotion.
You visited 2 branches of the dungeon, and saw 8 of its levels.
You also visited: Bailey.

You collected 435 gold pieces.

Inventory:

Hand Weapons
 d - a +0 whip
 w - a +2 vorpal mace (weapon)
 x - a +2 whip of flaming
Missiles
 e - 200 stones
Armour
 a - a +1 robe (worn)
 c - a +0 leather armour
 q - a scarf of harm
 t - a +2 helmet (worn)
Magical Staves
 z - a staff of conjuration
Jewellery
 j - a ring of positive energy
 m - a +4 ring of protection (right hand)
 n - a ring of wizardry (left hand)
 p - a ring of wizardry
 v - a +4 ring of protection
 A - a +6 ring of strength
Wands
 o - a wand of polymorph (5)
Scrolls
 f - 3 scrolls of blinking
 g - a scroll of teleportation
 k - a scroll of silence
 y - a scroll of identify
Potions
 b - a potion of berserk rage
 h - a potion of lignification {unknown}
 i - 2 potions of mutation
 l - a potion of cancellation {unknown}
 r - 3 potions of curing
 s - 3 potions of attraction
 u - a potion of haste {unknown}
 B - a potion of degeneration {unknown}


   Skills:
 + Level 0.4 Fighting
 + Level 0.4 Maces & Flails
 + Level 2.0 Dodging
 - Level 2.1 Stealth
 * Level 8.2 Spellcasting
 * Level 5.9 Conjurations
 * Level 9.4 Fire Magic


You had 15 spell levels left.
You knew the following spells:

 Your Spells              Type           Power      Damage    Failure   Level
a - Foxfire               Conj/Fire      100%       2x1d9     1%          1
b - Scorch                Fire           86%        2d9       1%          2
c - Conjure Flame         Conj/Fire      37%        6-21      1%          3
d - Flame Wave            Conj/Fire      37%        2d9       1%          4

Your spell library contained the following spells:

 Spells                   Type           Power      Damage    Failure   Level
 Freeze                   Ice            28%        1d5       3%          1
 Inner Flame              Hex/Fire       25%        N/A       1%          3
 Tukima's Dance           Hex            7%         N/A       11%         3
 Passage of Golubria      Tloc           7%         N/A       32%         4
 Yara's Violent Unravell  Hex/Tmut       3%         3d4       65%         5
 Dispersal                Tloc           3%         N/A       99%         6
 Disjunction              Tloc           3%         N/A       100%        8


Dungeon Overview and Level Annotations

Branches:
Dungeon (7/15)             Temple (1/1) D:5          Bailey (1/1)

Altars:
Dithmenos
Gozag
Hepliaklqana
Makhleb
Nemelex Xobeh
Okawaru
Qazlal
Ru
Sif Muna
Trog
Uskayaw
Vehumet
Wu Jian
Xom
Yredelemnul
Zin
The Shining One
Ignis

Annotations:
D:6 1 runed translucent door


Innate Abilities, Weirdness & Mutations

You are immune to sickness and miasma.
Your stone body is resilient. (AC +7)
You are immune to poison.
You resist negative energy. (rN+)
You are resistant to electric shocks. (rElec)
You are resistant to unholy torment.
You are immune to petrification.


Message History

The orc knight is heavily wounded.
Unknown command.
The foxfire hits the orc knight.
The orc knight is heavily wounded.
The foxfire hits the orc knight.
The orc knight is heavily wounded.
The foxfire hits the orc knight but does no damage.
The orc knight is heavily wounded.
You see here 2 boomerangs.
Okay, then.
There is an open gate here.
Casting: Foxfire (safe; 1% risk of failure)
Confirm with . or Enter, or press ? or * to list all spells.
You conjure some foxfire!
The foxfire hits the orc knight.
The orc knight is heavily wounded.
You hit the orc knight but do no damage.
The orc knight is heavily wounded.
The foxfire hits the orc knight.
The orc knight is heavily wounded.
Unknown command.
You barely miss the orc knight.
The orc knight is heavily wounded.
The orc knight closely misses you.
The orc knight hits you with a +0 war axe!
You closely miss the orc knight.
The orc knight is heavily wounded.
The orc knight hits you with a +0 war axe.
There is a gate leading back out of this place here.
You sock the orc knight!
The orc knight is severely wounded.
The orc knight hits you with a +0 war axe!!
* * * LOW HITPOINT WARNING * * *
Okay, then.
You hit the orc knight but do no damage.
The orc knight is severely wounded.
The orc knight hits you but does no damage.
The orc knight hits you with a +0 war axe!
* * * LOW HITPOINT WARNING * * *
The orc knight hits you with a +0 war axe!
You die...

####### ##.....##
#...∩...#
#.......#
##..@..## ##'o'##
#...# #)..# #.(.#
####((.####
##≈...(...≈##
#####≈≈.......≈≈##
#....≈≈...(...≈≈..


You could see an orc knight.

Vanquished Creatures
  A two-headed ogre (D:6)
  Sigmund (D:2)
  A wyvern (D:7)
  A steam dragon (D:7)
  2 orc warriors
  2 black bears
  A hornet zombie (D:7)
  2 ogres
  2 necrophages
  A centaur (D:4)
  A phantom (D:4)
  6 kobold brigands
  3 bullfrogs
  3 scorpions
  2 howler monkeys
  A centaur zombie (D:7)
  2 orc priests
  A jelly (D:6)
  Ijyb (D:3)
  An iguana (D:5)
  4 orc wizards
  Robin (D:4)
  4 adders
  2 shadow imps
  A white imp (D:7)
  An adder skeleton (D:4)
  2 worms
  2 dart slugs
  17 orcs
  7 bats
  8 endoplasms
  4 giant cockroaches
  14 goblins
  10 hobgoblins
  21 kobolds
  2 quokkas (D:2)
  4 ball pythons
  12 frilled lizards
  9 rats
160 creatures vanquished.

Vanquished Creatures (collateral kills)
  A foxfire (D:2)
1 creature vanquished.

Vanquished Creatures (others)
  534 foxfires
  3 plants (D:3)
537 creatures vanquished.

Grand Total: 698 creatures vanquished

Notes
Turn   | Place    | Note
-------+----------+-------------------------------------------
     0 | D:1      | funkygono the Gargoyle Fire Elementalist began the quest
                  | for the Orb.
     0 | D:1      | Reached XP level 1. HP: 10/10 MP: 3/3
   211 | D:1      | Reached XP level 2. HP: 15/15 MP: 0/5
   263 | D:1      | Learned a level 2 spell: Scorch
   307 | D:1      | Found a faded altar of an unknown god.
  1088 | D:1      | Reached XP level 3. HP: 19/19 MP: 4/6
  1092 | D:1      | Learned a level 3 spell: Conjure Flame
  1724 | D:2      | Noticed Sigmund
  1731 | D:2      | Killed Sigmund
  1732 | D:2      | Reached skill level 4 in Fire Magic
  1732 | D:2      | Reached XP level 4. HP: 24/24 MP: 0/9
  1732 | D:2      | Reached XP level 5. HP: 28/28 MP: 0/10
  1737 | D:2      | Learned a level 4 spell: Flame Wave
  2487 | D:2      | Reached XP level 6. HP: 32/32 MP: 7/11
  2747 | D:3      | Reached skill level 5 in Fire Magic
  2747 | D:3      | Noticed an orc warrior
  2920 | D:3      | Noticed Ijyb
  2928 | D:3      | Killed Ijyb
  3107 | D:3      | Killed an orc warrior
  3788 | D:4      | Reached XP level 7. HP: 30/36 MP: 2/13
  3953 | D:4      | Noticed Robin
  4075 | D:4      | Killed Robin
  4117 | D:4      | Reached skill level 6 in Fire Magic
  4564 | D:4      | HP: 1/36 [something (3)]
  5023 | D:5      | Entered Level 5 of the Dungeon
  5029 | D:5      | Reached skill level 5 in Spellcasting
  5038 | D:5      | Reached XP level 8. HP: 41/41 MP: 4/15
  5437 | D:5      | Reached skill level 7 in Fire Magic
  5641 | D:5      | Found a staircase to the Ecumenical Temple.
  5653 | Temple   | Entered the Ecumenical Temple
  5666 | Temple   | Became a worshipper of Vehumet
  6268 | D:6      | Found a sparkling altar of Nemelex Xobeh.
  6355 | D:6      | Found a hide-covered altar of Uskayaw.
  6355 | D:6      | Found an ornate altar of the Wu Jian Council.
  6357 | D:6      | Found a stormy altar of Qazlal.
  6359 | D:6      | Found a shimmering blue altar of Sif Muna.
  6655 | D:6      | Found a runed translucent door.
  6860 | D:6      | Noticed a two-headed ogre
  6871 | D:6      | Killed a two-headed ogre
  6872 | D:6      | Reached skill level 5 in Conjurations
  6872 | D:6      | Reached skill level 8 in Fire Magic
  6872 | D:6      | Reached XP level 9. HP: 20/45 MP: 8/19
  8016 | D:7      | Reached skill level 9 in Fire Magic
  8035 | D:7      | Found a flagged portal.
  8096 | Bailey   | Entered a bailey
  8138 | Bailey   | Reached * piety under Vehumet
  8138 | Bailey   | Offered knowledge of Freeze by Vehumet.
  8386 | Bailey   | Reached XP level 10. HP: 51/51 MP: 4/22
  8391 | Bailey   | Noticed an orc knight
  8409 | Bailey   | HP: 2/51 [orc knight (12)]
  8410 | Bailey   | Demolished by an orc knight

Illustrated notes

Levels and vault maps discovered:
D:1:      giann_horns, layout_loops_corners, basic_ecumenical_altar
D:2:      layout_basic, minmay_goblin_kobold_house, uniq_sigmund
D:3:      layout_basic, minmay_lizard_king, uniq_ijyb
D:4:      layout_rooms, chequers_serial_rivers_micro_a, uniq_robin
D:5:      layout_rooms, minmay_temple_entry_slanted
D:6:      layout_loops_ring, minitemple, lightli_church_of_beogh
D:7:      layout_basic, mainiacjoe_overflow_brackets, enter_bailey_2,
          minmay_misc_feat_x
Temple:   pdpol_scorched_temple
Bailey:   bailey_axe_3, bailey

Skill      XL: |  1  2  3  4  5  6  7  8  9 |
---------------+----------------------------+-----
Spellcasting   | 3 4 5 7 8 |  8.2
Conjurations   | 2 3 4 5 |  5.9
Fire Magic     | 4 5 6 8 9 |  9.4
Dodging        | 2 |  2.0
Fighting       | |  0.4
Maces & Flails | |  0.4
Stealth        | |  2.1

Action                   |  1- 3 |  4- 6 |  7- 9 | 10-12 || total
-------------------------+-------+-------+-------+-------++-------
Melee: Whip              |       |       |     6 |       ||     6
       Mace              |       |       |     9 |     5 ||    14
 Cast: Foxfire           |    40 |    81 |   194 |     7 ||   322
       Scorch            |     8 |    12 |    38 |       ||    58
       Conjure Flame     |       |       |     1 |       ||     1
  Use: Scroll            |       |       |    11 |       ||    11
Armor: Robe              |     2 |     2 |    36 |     1 ||    41
Dodge: Dodged            |     2 |     4 |    31 |     1 ||    38
